Map: Turbo Cruise '84 LE

Players

pHARM

  • Race: Zerg Zerg
  • League: Platinum
  • Spawn Location: 3:00

Dee - Winner!

  • Race: Protoss Protoss
  • League: Diamond
  • Spawn Location: 7:00

VOD

Have the link to the VOD?

Description

Time

  • Played on: July 20, 2019, 12:55 p.m.
  • Length: 23:57
Show
View Real Time Build Order
Export as new Build Order

pHARM Zerg 

Build Orders: Hatch First, Swarm Host 

Get SALT Encoding   

  12  0:01  Drone  
  13  0:10  Drone  
  14  0:17  Overlord  
  14  0:35  Drone x2  
  16  0:49  Hatchery  
  15  0:53  Drone  
  16  0:59  Drone x2  
  18  1:15  Extractor  
  18  1:16  Spawning Pool  
  16  1:29  Drone x2  
  16  1:30  Drone  
  19  1:43  Drone  
  20  1:59  Drone  
  21  2:04  Queen x2  
  21  2:07  Drone x2  
  27  2:17  Overlord  
  27  2:27  Metabolic Boost  
  27  2:29  Drone  
  28  2:39  Hatchery  
  27  2:47  Drone  
  27  2:48  Drone x2  
  27  2:49  Drone  
  31  2:55  Overlord  
  31  3:06  Lair  
  31  3:08  Drone x2  
  33  3:22  Queen  
  33  3:25  Drone x5  
  40  3:28  Drone  
  40  3:30  Drone  
  42  3:54  Overlord x2  
  42  3:55  Drone x3  
  43  3:56  Drone x5  
  50  4:15  Extractor  
  50  4:16  Extractor  
  48  4:19  Extractor  
  47  4:26  Infestation Pit  
  46  4:58  Queen  
  48  5:03  Swarm Host x3  
  57  5:08  Overlord x2  
  57  5:31  Swarm Host x3  
  57  5:33  Swarm Host  
  57  5:34  Nydus Network  
  68  5:43  Extractor  
  68  5:44  Drone, Swarm Host, Extractor  
  68  5:45  Drone x4  
  68  5:49  Overlord x4  
  74  6:19  Nydus Canal  
  74  6:20  Swarm Host  
  74  6:21  Swarm Host x4  
  89  6:26  Zergling x2  
  89  6:27  Zergling x28  
  102  6:35  Zergling x4  
  98  7:03  Nydus Canal  
  96  7:10  Drone  
  96  7:11  Drone x6, Swarm Host  
  96  7:12  Spine Crawler  
  96  7:13  Spine Crawler  
  104  7:19  Nydus Canal  
  104  7:30  Pneumatized Carapace  
  104  7:35  Overlord x2  
  99  8:16  Swarm Host  
  99  8:17  Swarm Host x6  
  119  8:42  Nydus Canal  
  119  8:46  Overlord x2  
  119  8:47  Overlord x2  
  119  8:59  Nydus Canal  
  119  9:12  Drone x11  
  119  9:13  Queen  
  132  9:31  Nydus Canal  
  132  10:12  Hydralisk Den, Swarm Host x7  
  152  10:24  Nydus Canal  
  152  10:36  Overlord x4  
  152  10:53  Hydralisk x8  
  152  10:54  Hydralisk x3  
  174  11:30  Evolution Chamber  
  174  11:31  Evolution Chamber  
  172  11:34  Nydus Canal  
  166  12:01  Hydralisk x4  
  166  12:02  Hydralisk  
  166  12:21  Hydralisk x12  
  166  12:22  Hydralisk x2  
  140  12:56  Spire  
  119  13:10  Swarm Host  
  119  13:11  Swarm Host x16  
  137  13:53  Hatchery  
  136  14:10  Corruptor  
  136  14:11  Corruptor x9  
  156  14:24  Grooved Spines  
  156  14:28  Corruptor  
  155  14:54  Corruptor  
  155  14:55  Corruptor x2  
  155  14:59  Drone  
  165  15:00  Drone x5  
  167  15:10  Nydus Canal  
  135  16:22  Hydralisk x14  
  157  16:43  Queen x2  
  157  16:45  Drone x7  
  168  16:58  Nydus Canal  
  168  17:05  Extractor  
  168  17:08  Extractor  
  160  17:47  Hydralisk x9  
  111  18:28  Swarm Host x5  
  111  18:29  Swarm Host x4  
  132  18:39  Hatchery  
  131  18:42  Extractor  
  131  18:46  Extractor  
  131  18:47  Hive  
  129  19:13  Zergling x2  
  129  19:14  Zergling x16  
  138  19:46  Hatchery  
  110  20:35  Swarm Host  
  110  20:36  Swarm Host x3  
  110  20:37  Zergling x22  
  110  20:38  Zergling x12  
  104  20:48  Zergling x2  
  104  20:49  Zergling x14  
  93  22:00  Extractor  
  87  22:03  Swarm Host x2  
  87  22:04  Swarm Host x5  
  87  22:07  Zergling x2  
  87  22:08  Zergling x12  
  88  22:34  Spine Crawler  
  88  22:35  Spine Crawler x2  
  88  22:36  Spine Crawler  
  70  22:37  Spine Crawler  
  67  22:44  Swarm Host  
  67  22:45  Swarm Host  
  68  23:01  Spine Crawler  
  68  23:02  Spine Crawler  
  68  23:03  Spine Crawler  
  68  23:04  Spine Crawler  
  64  23:06  Spine Crawler  
  64  23:07  Spine Crawler  
  64  23:09  Spine Crawler  
  64  23:10  Spine Crawler  
Show
View Real Time Build Order
Export as new Build Order

Dee Protoss - Winner!

Build Orders: 1 Gate Expand, Colossus Rush 

Get SALT Encoding   

  12  0:01  Probe  
  13  0:14  Probe  
  14  0:23  Pylon  
  14  0:26  Probe  
  15  0:40  Probe  
  15  0:42  Gateway  
  16  0:49  Probe  
  17  0:57  Probe  
  17  1:03  Assimilator  
  18  1:08  Probe  
  19  1:34  Cybernetics Core  
  19  1:38  Nexus  
  19  1:49  Pylon  
  19  1:53  Probe  
  19  1:58  Assimilator  
  20  2:01  Probe  
  21  2:12  Probe  
  22  2:15  Stalker  
  22  2:22  Probe  
  25  2:30  Probe  
  26  2:39  Probe  
  27  2:48  Robotics Facility  
  27  2:58  Probe  
  27  2:59  Stalker  
  27  3:02  Probe  
  31  3:06  Probe  
  31  3:09  Warp Gate  
  32  3:14  Probe  
  32  3:16  Probe  
  34  3:26  Probe  
  35  3:28  Gateway  
  35  3:32  Stalker  
  37  3:35  Observer, Pylon  
  38  3:41  Probe  
  38  3:42  Probe  
  40  3:54  Probe  
  40  3:55  Robotics Bay  
  41  4:12  Stalker  
  43  4:19  Stalker  
  43  4:21  Probe  
  43  4:23  Probe  
  45  4:29  Probe  
  47  4:31  Probe  
  47  4:32  Pylon  
  49  4:39  Probe x2, Observer  
  49  4:44  Assimilator  
  51  4:48  Zealot  
  51  4:49  Probe x2  
  51  4:50  Colossus  
  61  4:55  Assimilator  
  61  4:57  Probe  
  62  5:28  Pylon  
  62  5:30  Pylon  
  62  5:33  Pylon  
  62  5:42  Probe  
  62  5:45  Nexus  
  62  5:46  Stalker x2, Probe, Twilight Council  
  62  5:49  Colossus  
  74  5:53  Probe  
  75  5:58  Extended Thermal Lance, Probe  
  76  6:05  Probe  
  76  6:10  Probe  
  78  6:44  Stalker x2  
  68  7:07  Colossus  
  66  7:14  Probe x3  
  69  7:16  Stalker x2  
  79  7:25  Charge  
  79  7:26  Probe, Stargate  
  80  7:34  Gateway  
  80  7:35  Gateway  
  80  7:39  Gateway  
  80  7:40  Gateway  
  80  7:42  Gateway  
  80  7:50  Colossus  
  72  8:02  Zealot x2, Phoenix  
  81  8:19  Nexus  
  81  8:21  Gateway  
  81  8:22  Gateway  
  81  8:25  Zealot x2  
  85  8:45  Phoenix  
  85  8:47  Zealot x2  
  86  9:10  Pylon x2  
  86  9:11  Nexus  
  86  9:12  Pylon x2  
  86  9:14  Pylon  
  86  9:29  Colossus  
  86  9:30  Phoenix  
  94  9:36  Zealot x4  
  94  9:37  Zealot x4  
  91  9:59  Assimilator  
  91  10:02  Assimilator  
  91  10:09  Probe  
  93  10:21  Probe  
  93  10:23  Colossus  
  93  10:27  Zealot x4  
  93  10:28  Zealot x2  
  111  10:33  Probe x2  
  111  10:34  Assimilator  
  113  10:45  Probe x2  
  115  10:56  Templar Archives  
  115  10:57  Probe  
  115  11:00  Probe  
  117  11:04  Probe  
  117  11:08  Zealot x7  
  117  11:09  Probe  
  133  11:12  Probe  
  133  11:13  Phoenix  
  136  11:32  High Templar x2  
  138  11:37  Pylon  
  138  11:38  Archon  
  138  11:39  Pylon  
  140  11:41  Pylon  
  136  12:05  High Templar x3  
  142  12:09  Archon  
  132  12:28  Zealot x5  
  110  12:50  High Templar  
  110  12:51  High Templar  
  112  12:52  Colossus  
  112  12:56  Archon  
  108  13:13  Nexus  
  108  13:15  Pylon  
  108  13:17  Pylon  
  102  13:25  Probe x3  
  105  13:32  High Templar  
  105  13:33  High Templar  
  109  13:36  Archon  
  109  13:37  Probe x2  
  109  13:40  Zealot x6  
  123  13:58  Pylon  
  123  14:01  Zealot x6  
  110  14:21  Zealot x2  
  110  14:22  Zealot x6  
  126  14:30  Robotics Facility  
  126  14:35  Probe  
  126  14:37  Immortal, Probe x3  
  128  14:40  Assimilator  
  128  14:42  Assimilator  
  128  14:43  Probe  
  130  14:49  Probe  
  136  14:56  Pylon  
  136  14:58  Forge  
  136  14:59  Forge  
  136  15:00  High Templar  
  136  15:01  High Templar x4  
  136  15:06  Void Ray  
  146  15:07  Archon x2  
  150  15:23  Stalker x2  
  151  15:38  Stalker x3  
  157  15:49  Void Ray  
  139  16:03  Zealot x8  
  131  16:06  Immortal  
  107  16:16  Immortal  
  115  16:19  Protoss Ground Weapons Level 1  
  111  16:28  Probe x3  
  114  16:39  Zealot x7  
  124  16:40  Zealot  
  124  16:42  Immortal  
  124  16:45  Immortal  
  130  16:57  Psionic Storm  
  127  17:40  Zealot x3  
  127  17:41  Zealot x3  
  99  17:54  Zealot  
  99  17:55  Zealot  
  97  18:00  Zealot  
  97  18:01  Zealot x4  
  97  18:03  Immortal  
  97  18:04  Immortal  
  93  18:21  Void Ray  
  93  18:26  Assimilator  
  97  18:27  High Templar x2  
  97  18:28  High Templar x5, Assimilator  
  97  18:32  Archon  
  97  18:33  Archon x2  
  103  18:47  Zealot  
  105  18:53  Observer  
  106  19:03  Immortal, Void Ray  
  114  19:14  Immortal  
  118  19:30  Zealot x5  
  118  19:31  Zealot x2  
  118  19:41  Protoss Ground Armor Level 1  
  118  19:42  Immortal  
  118  19:44  Probe x4  
  126  19:54  Immortal  
  126  19:59  Zealot x4, Nexus  
  138  20:00  Zealot x3  
  144  20:22  Nexus  
  114  20:54  High Templar x2  
  114  20:55  High Templar x6  
  130  20:59  Archon x2  
  130  21:00  Archon x2, Nexus  
  130  21:01  Archon  
  130  21:12  Pylon  
  130  21:15  Pylon  
  130  21:30  Zealot x4  
  138  21:35  High Templar  
  138  21:36  High Templar x2  
  138  21:48  Zealot  
  138  21:53  Zealot  
  141  21:58  Zealot  
  137  22:07  High Templar x2  
  137  22:08  High Templar  
  135  22:09  High Templar  
  135  22:10  High Templar  
  139  22:18  Archon x2  
  133  22:58  High Templar  
  133  22:59  High Templar x2  
  138  23:21  Zealot  
  136  23:30  Gateway  
  136  23:31  Gateway  
  136  23:33  Gateway  
  136  23:34  Gateway  
  135  23:48  Zealot  
Tags
 
Add a new tag
Caveats
  • Supply blocks, unpowered buildings, or Contaminate may cause inaccurate times.
  • Supply counts are checked every 10 seconds.